 Dungeon Crawl Stone Soup version 0.31-b1-19-g70c676f (webtiles) character file.

Game seed: 11654026982910530968

1299 MrRush the Cleaver (level 8, -13/65 HPs)
             Began as a Minotaur Fighter on Jan 18, 2024.
             Was a Follower of Hepliaklqana.
             Mangled by an ogre
             ... wielding a +0 giant spiked club
              (28 damage)
             ... on level 5 of the Dungeon.
             The game lasted 00:07:32 (3775 turns).

MrRush the Cleaver (Minotaur Fighter)               Turns: 3775, Time: 00:07:34

Health: -13/65     AC: 13    Str: 23    XL:     8   Next: 31%
Magic:  9/9        EV:  8    Int:  5    God:    Hepliaklqana [*.....]
Gold:   84         SH:  4    Dex: 10    Spells: 7/7 levels left

rFire   . . .        a - +0 war axe (heavy)
rCold   + . .        c - +0 buckler
rNeg    . . .        n - +0 chain mail {rC+}
rPois   .            (helmet restricted)
rElec   .            (no cloak)
rCorr   .            (no gloves)
SInv    .            (no boots)
Will    .....        (no amulet) Stlth
                     Q - +4 ring of protection
HPRegen 0.30/turn    (no ring)
MPRegen 0.11/turn

%: no passive effects
@: no status effects
A: reduced essence, horns 2, retaliatory headbutt
a: Renounce Religion, Recall Ancestor, Ancestor Identity


You were on level 5 of the Dungeon.
You worshipped Hepliaklqana.
Hepliaklqana was aware of your devotion.
You visited 1 branch of the dungeon, and saw 5 of its levels.

You collected 198 gold pieces.
You spent 114 gold pieces at shops.

Inventory:

Hand Weapons
 a - a +0 heavy war axe (weapon)
 A - a +4 spear of venom
 B - a +2 vampiric spear
 C - a +0 sling of flaming
 D - a +0 war axe
Missiles
 p - 2 poisoned darts
Armour
 c - a +0 buckler (worn)
 n - a +0 chain mail of cold resistance (worn)
Jewellery
 w - a +4 ring of protection
 E - an amulet of reflection
 Q - a +4 ring of protection (left hand)
Wands
 x - a wand of quicksilver (2)
 y - a wand of polymorph (19)
Scrolls
 h - a scroll of brand weapon
 k - a scroll of noise
 l - a scroll of butterflies {unknown}
 q - a scroll of fog
 r - 2 scrolls of vulnerability
 t - 2 scrolls of blinking
 v - 3 scrolls of teleportation
 z - a scroll of acquirement {unknown}
 F - a scroll of poison {unknown}
Potions
 b - 3 potions of brilliance
 d - a potion of might
 e - a potion of lignification
 f - a potion of berserk rage {unknown}
 g - a potion of cancellation {unknown}
 i - 2 potions of attraction {unknown}
 j - 3 potions of haste
 m - a potion of resistance {unknown}
 o - 2 potions of invisibility {unknown}
 s - 2 potions of enlightenment {unknown}
 u - a potion of curing {unknown}


   Skills:
 + Level 7.4 Fighting
 * Level 9.5 Axes
 - Level 3.6 Armour
 - Level 3.6 Shields
 + Level 3.5 Invocations


You had 7 spell levels left.
You didn't know any spells.
Your spell library contained the following spells:

 Spells                   Type           Power      Damage    Failure   Level
 Apportation              Tloc           0%         N/A       98%         1
 Necrotise                Necr           0%         1d4       98%         1
 Jinxbite                 Hex            0%         N/A       99%         2
 Summon Ice Beast         Ice/Summ       0%         N/A       100%        3
 Vampiric Draining        Necr           0%         2d6       100%        3
 Martyr's Knell           Necr/Summ      0%         N/A       100%        4
 Alistair's Intoxication  Alch           0%         N/A       100%        5
 Curse of Agony           Necr           0%         N/A       100%        5
 Summon Mana Viper        Hex/Summ       0%         N/A       100%        5
 Monstrous Menagerie      Summ           0%         N/A       100%        7


Dungeon Overview and Level Annotations

Branches:
Dungeon (5/15) Zot: 26142
 Temple: D:4-7

Altars:
Hepliaklqana

Shops:
D:1 *


Innate Abilities, Weirdness & Mutations

Your life essence is reduced to manifest your ancestor. (-10% HP)
You have a pair of horns on your head.
You reflexively headbutt those who attack you in melee.


Message History

No target in view!
No target in view!
No target in view!
No target in view!
No target in view!
No target in view!
No target in view!
No target in view!
No target in view!
No target in view!
Found a stone staircase leading down.
Found 6 stones.
E - an amulet of reflection
F - a scroll labelled DED NARUDGH An ogre comes into view.
It is wielding a +0 giant spiked club.
The ogre shouts!
An ogre is nearby!
An ogre is nearby!
An ogre is nearby!
Found a stone staircase leading up.
You block the ogre's attack.
You slash the ogre!
The ogre is severely wounded.
The ogre barely misses you.
You completely miss the ogre.
The ogre is severely wounded.
The ogre hits you with a +0 giant spiked club!
You hit the ogre.
The ogre is severely wounded.
The ogre hits you with a +0 giant spiked club!!
* * * LOW HITPOINT WARNING * * *
You are too injured to fight recklessly!
You are too injured to fight recklessly!
You are too injured to fight recklessly!
The ogre hits you with a +0 giant spiked club!
* * * LOW HITPOINT WARNING * * *
You closely miss the ogre. Your headbutt misses the ogre.
The ogre is severely wounded.
Lucia hits the ogre.
The ogre hits you with a +0 giant spiked club!!
You die...

#..........#..........##........
#.....#....#...........####.#...
#.....#.####...........###......
#.....#.....................####
#.###.########.##########...#
#.# #..........###### ##..# ###
####............# #>##
############.### ###
.......@R.#...# #######O#.###.#
..<#.# #.# #######.# #.#
#.......# #.# #.####### #.# #.#
#.# #.# #.# #.# #.#


You could see the friendly Lucia the ancestor and an ogre (ally target).

Vanquished Creatures
  Eustachio (D:4)
  A water moccasin (D:5)
  3 ogres
  A centaur (D:5)
  2 phantoms (D:5)
  2 scorpions (D:5)
  2 hounds (D:4)
  An iguana (D:5)
  A sleepcap (D:4)
  7 gnolls
  5 adders
  2 ufetubi (D:5)
  3 dart slugs
  2 ribbon worms
  An orc (D:5)
  4 endoplasms
  6 giant cockroaches
  6 goblins
  5 hobgoblins
  7 jackals
  5 kobolds
  3 quokkas
  9 ball pythons
  6 bats
  4 frilled lizards
  10 rats
99 creatures vanquished.

Vanquished Creatures (collateral kills)
  A phantom (D:5)
  2 jellies
  An orc (D:4)
  A giant cockroach (D:4)
  A goblin (D:4)
6 creatures vanquished.

Grand Total: 105 creatures vanquished

Notes
Turn   | Place    | Note
-------+----------+-------------------------------------------
     0 | D:1      | MrRush the Minotaur Fighter began the quest for the Orb.
     0 | D:1      | Reached XP level 1. HP: 19/19 MP: 0/0
   200 | D:1      | Reached skill level 3 in Axes
   261 | D:1      | Reached XP level 2. HP: 26/27 MP: 1/1
   358 | D:1      | Found Seola's General Store.
   367 | D:1      | Bought a scroll of identify for 24 gold pieces
   840 | D:2      | Reached XP level 3. HP: 33/33 MP: 2/2
   868 | D:2      | Reached skill level 4 in Axes
   906 | D:2      | Found the +7 Throatcutter {drain, coup de grace}
   923 | D:2      | Found a hazy altar of Hepliaklqana.
   971 | D:2      | Reached XP level 4. HP: 38/41 MP: 3/3
  1287 | D:2      | Became a worshipper of Hepliaklqana the Forgotten
  1307 | D:1      | Bought a scroll of blinking for 90 gold pieces
  1484 | D:3      | Reached skill level 5 in Axes
  1660 | D:3      | Noticed an ogre
  1665 | D:3      | Killed an ogre
  1666 | D:3      | Reached skill level 5 in Fighting
  1666 | D:3      | Reached skill level 6 in Axes
  1666 | D:3      | Reached XP level 5. HP: 48/48 MP: 4/4
  2194 | D:4      | Noticed an ogre
  2197 | D:4      | Killed an ogre
  2198 | D:4      | Reached XP level 6. HP: 53/56 MP: 5/5
  2215 | D:4      | Reached * piety under Hepliaklqana
  2360 | D:4      | Reached skill level 7 in Axes
  2517 | D:4      | Noticed Eustachio
  2552 | D:4      | Killed Eustachio
  2553 | D:4      | Reached skill level 1 in Invocations
  2553 | D:4      | Reached XP level 7. HP: 55/56 MP: 5/7
  2676 | D:4      | Reached skill level 8 in Axes
  3055 | D:5      | Entered Level 5 of the Dungeon
  3182 | D:5      | Reached XP level 8. HP: 65/65 MP: 9/9
  3244 | D:5      | Reached skill level 9 in Axes
  3775 | D:5      | Mangled by an ogre

Illustrated notes

Levels and vault maps discovered:
D:1:      ncdulo_wetmaze, layout_loops_cross, serial_shops, shop,
          minmay_misc_feat_cross, nrook_loot_triangle, minmay_3d_cube
D:2:      layout_rooms, basic_altar, minmay_pentomino_x4
D:3:      layout_rooms, kennysheep_crisscross, chequers_decorated_corner,
          minmay_misc_feat_nine_boxes, roderic_lattice_a, kennysheep_potato
D:4:      layout_basic, chequers_garden, minmay_misc_feat_square, uniq_eustachio
D:5:      layout_basic, minmay_temple_entry_nine_rooms,
          serial_library_hellmonk_small_alcove

Skill      XL: |  1  2  3  4  5  6  7  8 |
---------------+-------------------------+-----
Axes           | 3 4 6 7 8 9 |  9.5
Fighting       | 4 5 6 7 |  7.4
Invocations    | 1 3 |  3.5
Armour         | |  3.6
Shields        | |  3.6

Action                     |  1- 3 |  4- 6 |  7- 9 || total
---------------------------+-------+-------+-------++-------
  Melee: War axe           |    85 |    83 |    63 ||   231
         Headbutt          |    13 |     7 |    11 ||    31
 Invoke: Recall Ancestor   |       |     1 |     1 ||     2
  Evoke: Wand              |       |     2 |       ||     2
    Use: Scroll            |     2 |       |     6 ||     8
 Armour: Scale mail        |    18 |       |       ||    18
         Chain mail        |    40 |    71 |    68 ||   179
         Skin              |       |     1 |       ||     1
  Dodge: Dodged            |    44 |    36 |    33 ||   113
  Block: Buckler           |    14 |    15 |    16 ||    45
